 Dungeon Crawl Stone Soup version 0.30-a0-585-g93115170b9 (webtiles) character file.

Game seed: 18346861104656287911

354 HoaS the Cleaver (level 6, -2/51 HPs)
             Began as a Hill Orc Berserker on Jan 2, 2023.
             Was a Priest of Trog.
             Killed by nerve-wracking pain
             ... invoked by an orc priest
              (11 damage)
             ... on level 4 of the Dungeon.
             The game lasted 00:10:24 (3638 turns).

HoaS the Cleaver (Hill Orc Berserker)               Turns: 3638, Time: 00:10:25

Health: -2/51      AC: 13    Str: 22    XL:     6   Next: 62%
Magic:  6/6        EV: 11    Int:  7    God:    Trog [***...]
Gold:   216        SH:  0    Dex: 14    Spells: 5/5 levels left

rFire   . . .      SeeInvis .    a - +0 hand axe
rCold   . . .      Faith    .    (no shield)
rNeg    . . .      Spirit   .    i - +5 ring mail "Meix" {Dex+4}
rPois   .          Reflect  .    (no helmet)
rElec   .          Harm     .    (no cloak)
rCorr   .          Rampage  .    k - +2 pair of gloves
Will    .....                    (no boots)
Stlth   +                        (no amulet)
HPRegen 0.28/turn                (no ring)
MPRegen 0.10/turn                (no ring)

@: attractive
A: no striking features
a: Renounce Religion, Convert to Beogh, Berserk, Trog's Hand


You were on level 4 of the Dungeon.
You worshipped Trog.
Trog was most pleased with you.
You visited 1 branch of the dungeon, and saw 4 of its levels.

You collected 216 gold pieces.

Inventory:

Hand Weapons
 a - a +0 hand axe (weapon)
 m - a +2 flail of draining
Missiles
 f - a throwing net (quivered)
Armour
 i - the +5 ring mail "Meix" (worn) {Dex+4}
   (You found it on level 2 of the Dungeon)

   Dex:       It affects your dexterity (+4).
 k - a +2 pair of gloves (worn)
Wands
 n - a wand of flame (12)
Scrolls
 b - a scroll of fear
 l - a scroll of enchant armour
Potions
 d - 3 potions of flight
 e - a potion of heal wounds {unknown}
 g - a potion of degeneration {unknown}
 h - a potion of might {unknown}
 j - a potion of attraction


   Skills:
 - Level 3.6 Fighting
 + Level 9.5 Axes
 - Level 2.1 Armour
 - Level 1.5 Dodging


You had 5 spell levels left.
You didn't know any spells.
Your spell library was empty.

Dungeon Overview and Level Annotations

Branches:
Dungeon (4/15)
 Temple: D:4-7

Altars:
Uskayaw
Xom


Message History

You're too confused to move!
The orc priest hits you but does no damage.
Something hits you but does no damage.
You feel less confused. The orc priest hits you with a +0 whip.
Something hits you but does no damage.
You barely miss something. You hit the orc priest.
You closely miss the orc priest.
The orc priest is heavily wounded.
You closely miss something.
The orc priest calls down the wrath of Beogh upon you.
Pain shoots through your body!
You hear some strange, mumbled words.
A magic dart appears from out of thin air!
The magic dart hits you!
* * * LOW HITPOINT WARNING * * *
You closely miss the orc priest.
The orc priest is heavily wounded.
You barely miss something. The orc priest hits you with a +0 whip.
* * * LOW HITPOINT WARNING * * *
Something hits you but does no damage.
You hit the orc priest but do no damage.
The orc priest shouts, "Beogh is our master!
Accept the truth or die!"
The orc priest is heavily wounded.
You hit something. The orc priest hits you with a +0 whip.
* * * LOW HITPOINT WARNING * * *
Something hits you.
* * * LOW HITPOINT WARNING * * *
You closely miss the orc priest.
The orc priest is heavily wounded.
You hit something.
The orc priest shouts, "Join the one true god or die!"
The orc priest hits you but does no damage.
Something hits you but does no damage.
It was a potion of attraction.
You feel attractive to monsters. The orc priest closely misses you.
Something hits you but does no damage.
It was a potion of curing.
You feel better.
The orc priest calls down the wrath of Beogh upon you.
Pain shoots through your body!
You die...

##### ..?.( # ######... #
#.#.. ...# .###.
#####.#.###..##.....
.......@{<..........
.........o........[..
..............)/......
#####........)...^..###...
...#.............###
#..#............##
#..#...........##
#..#...........#
##..+.........###≈~~


You could see an orc priest.

Vanquished Creatures
  A hound (D:4)
  Jessica (D:2)
  Natasha (thrice) (D:4)
  8 gnolls
  7 adders
  2 dart slugs
  4 orcs
  5 bats
  10 endoplasms
  2 giant cockroaches
  9 goblins
  4 hobgoblins
  3 jackals (D:1)
  A quokka (D:1)
  5 ball pythons
  9 frilled lizards
  4 kobolds
  9 rats
87 creatures vanquished.

Notes
Turn   | Place    | Note
-------+----------+-------------------------------------------
     0 | D:1      | HoaS the Hill Orc Berserker began the quest for the Orb.
     0 | D:1      | Reached XP level 1. HP: 19/19 MP: 1/1
   143 | D:1      | Reached XP level 2. HP: 22/26 MP: 2/2
   223 | D:1      | Reached skill level 5 in Axes
   322 | D:1      | Found a faded altar of an unknown god.
   455 | D:1      | Reached ** piety under Trog
   518 | D:1      | Reached XP level 3. HP: 29/31 MP: 3/3
  1027 | D:2      | Reached skill level 6 in Axes
  1123 | D:2      | Reached XP level 4. HP: 16/39 MP: 4/4
  1432 | D:2      | Noticed Jessica
  1460 | D:2      | Killed Jessica
  1461 | D:2      | Reached skill level 7 in Axes
  1533 | D:1      | Reached XP level 5. HP: 7/45 MP: 5/5
  1940 | D:2      | Identified the +5 ring mail "Meix" {Dex+4}
  2245 | D:2      | Reached skill level 8 in Axes
  2306 | D:3      | Found a hide-covered altar of Uskayaw.
  2552 | D:3      | Found a shimmering altar of Xom.
  3160 | D:4      | Reached *** piety under Trog
  3161 | D:4      | Reached XP level 6. HP: 51/51 MP: 6/6
  3307 | D:4      | Reached skill level 9 in Axes
  3368 | D:4      | Noticed Natasha
  3388 | D:4      | Killed Natasha
  3444 | D:4      | Noticed Natasha
  3452 | D:4      | Killed Natasha
  3489 | D:4      | Noticed Natasha
  3499 | D:4      | Killed Natasha
  3635 | D:4      | HP: 2/51 [something (2)]
  3638 | D:4      | Killed from afar by an orc priest

Illustrated notes

Levels and vault maps discovered:
D:1:      dreamdust_arrival_sigmund_warning, layout_loops_ring,
          chequers_ecumenical_altar_simple
D:2:      layout_rooms, kennysheep_boxes, uniq_jessica
D:3:      layout_basic, mainiacjoe_overflow_24_doors,
          nicolae_uskayaw_murder_on_the_dancefloor, grunt_ministairs_15
D:4:      layout_basic, trog_butcher_becter, kennysheep_orc_sif_temple,
          uniq_natasha

Skill      XL: |  1  2  3  4  5  6 |
---------------+-------------------+-----
Axes           | 5 6 7 8 9 |  9.5
Fighting       | |  3.6
Armour         | |  2.1
Dodging        | |  1.5

Action                   |  1- 3 |  4- 6 || total
-------------------------+-------+-------++-------
Melee: Hand axe          |   134 |   234 ||   368
       Punch             |       |     3 ||     3
Invok: Berserk           |       |     1 ||     1
  Use: Scroll            |     4 |     8 ||    12
       Potion            |       |     2 ||     2
Armor: Animal skin       |    42 |       ||    42
       Leather armour    |     4 |     7 ||    11
       Ring mail         |       |    73 ||    73
Dodge: Dodged            |    87 |   114 ||   201

Table legend: (Time is in decaauts)
 A = Elapsed time spent in this place.
 B = Non-inter-level travel time spent in this place.
 C = Inter-level travel time spent in this place.
 D = Time resting spent in this place.
 E = Time spent auto-exploring this place.
 F = Levels seen in this place.
 G = Mean time per level.
                   A        B        C        D        E       F      G
               +--------+--------+--------+--------+--------+-----+--------+
         Total |   3640 |   3475 |    165 |    941 |   1604 |   4 |  910.0 |
       Dungeon |   3640 |   3475 |    165 |    941 |   1604 |   4 |  910.0 |
               +--------+--------+--------+--------+--------+-----+--------+

Top non-repeatable levels by time:
     D:1: 1197 daAuts
     D:2: 1089 daAuts
     D:3: 974 daAuts
     D:4: 378 daAuts
